 Dungeon Crawl Stone Soup version 0.28.0-53-g5a82cb258f (webtiles) character file.

Game seed: 3194726599669044039

74 cbfl8 the Chopper (level 4, -13/60 HPs)
             Began as a Minotaur Berserker on Sept 21, 2022.
             Was a Follower of Trog.
             Killed by divine providence
             ... invoked by an orc priest
              (16 damage)
             ... on level 2 of the Dungeon.
             The game lasted 00:01:22 (1814 turns).

cbfl8 the Chopper (Minotaur Berserker)              Turns: 1814, Time: 00:01:23

Health: -13/60     AC:  3    Str: 22    XL:     4   Next: 10%
Magic:  3/3        EV: 12    Int:  4    God:    Trog [*.....]
Gold:   122        SH:  0    Dex: 11    Spells: 3/3 levels left

rFire   . . .      SeeInvis .   f - +0 battleaxe
rCold   . . .      Faith    .   (shield currently unavailable)
rNeg    . . .      Spirit   .   h - +0 leather armour
rPois   .          Reflect  .   (helmet restricted)
rElec   .          Harm     .   (no cloak)
rCorr   .          Rampage  .   (no gloves)
Will    .....                   (no boots)
Stlth   ..........              (no amulet)
HPRegen 0.20/turn               (no ring)
MPRegen 0.08/turn               (no ring)

@: berserking, very quick
A: horns 2, retaliatory headbutt
a: Renounce Religion, Berserk


You were on level 2 of the Dungeon.
You worshipped Trog.
Trog was aware of your devotion.
You visited 1 branch of the dungeon, and saw 3 of its levels.

You collected 122 gold pieces.

Inventory:

Hand Weapons
 f - a +0 battleaxe (weapon)
Missiles
 j - a throwing net (quivered)
Armour
 h - a +0 leather armour (worn)
Scrolls
 a - a scroll of vulnerability {unknown}
 b - a scroll of amnesia {unknown}
 d - a scroll of teleportation {unknown}
 k - 2 scrolls of identify {unknown}
Potions
 c - a potion of curing {unknown}
 e - 2 potions of resistance {unknown}
 g - a potion of degeneration {unknown}
 i - a potion of lignification {unknown}
 l - a potion of haste {unknown}


   Skills:
 * Level 4.0 Fighting
 * Level 5.1 Axes
 + Level 2.7 Armour
 * Level 2.7 Dodging
 + Level 0.1 Stealth
 * Level 0.3 Evocations


You had 3 spell levels left.
You didn't know any spells.
Your spell library was empty.

Dungeon Overview and Level Annotations

Branches:
Dungeon (3/15)

Altars:
Kikubaaqudgha


Innate Abilities, Weirdness & Mutations

You have a pair of horns on your head.
You reflexively headbutt those who attack you in melee.


Message History

The orc hits you with a +0 club. The orc priest barely misses you.
The orc wizard hits you but does no damage.
You closely miss the orc priest. You headbutt the orc priest!
The orc priest is heavily wounded.
You slash the orc!
You kill the orc!
Trog accepts your kill.
You completely miss the orc wizard. You hit the orc priest.
The orc priest is heavily wounded.
You barely miss the orc wizard.
The orc wizard hits you but does no damage.
The orc priest closely misses you.
The orc wizard mumbles some strange words.
The orc wizard flickers and vanishes!
Deactivating autopickup; reactivate with Ctrl-A.
The orc priest hits you with a +0 falchion.
You hit the orc priest.
The orc priest is severely wounded.
You hit something. You slice something!!
You feel the power of Trog in you as your rage grows.
Trog accepts your kill.
Trog appreciates your killing of a magic user.
Reactivating autopickup.
You feel a bit more experienced.
You barely miss the orc priest.
The orc priest invokes the aid of Beogh against you.
Pain shoots through your body!
* * * LOW HITPOINT WARNING * * *
Your Axes skill increases to level 5!
You have reached level 4!
You feel stronger.
You closely miss the orc priest.
The orc priest is severely wounded.
The orc priest completely misses you.
You closely miss the orc priest.
The orc priest is severely wounded.
The orc priest mumbles some strange prayers to Beogh against you.
Beogh smites you!
You die...

...<# #..#....# #.#### ....#
####....#.## #.##.# .####
#....#..#.# #.##.# ....#
#.####..#.# #.##.# .#######.#
##.#.## #....# .........#
#....# #.##.# .###.##### #....#
#....# .....### ##.).###.####
.......# #o@).....########
...#.###### ####.†..........#
..........# #............#
...##.#.#.# #..†.........#
..#.....#.##### #............#
..............# #............#
........#.....####..[.........#
#.#........##.##...############
###........##....###


You could see an orc priest.

Vanquished Creatures
  An orc wizard (D:2)
  2 worms (D:2)
  2 dart slugs
  An orc (D:2)
  5 endoplasms
  5 giant cockroaches
  3 kobolds
  2 quokkas (D:1)
  2 ball pythons (D:1)
  5 bats
  2 frilled lizards
  5 goblins
  3 rats
38 creatures vanquished.

Notes
Turn   | Place    | Note
-------+----------+-------------------------------------------
     0 | D:1      | cbfl8 the Minotaur Berserker began the quest for the Orb.
     0 | D:1      | Reached XP level 1. HP: 19/19 MP: 0/0
   245 | D:1      | Reached skill level 4 in Axes
   338 | D:1      | Reached XP level 2. HP: 22/27 MP: 1/1
  1012 | D:1      | Found an ancient bone altar of Kikubaaqudgha.
  1357 | D:2      | Reached XP level 3. HP: 33/33 MP: 2/2
  1812 | D:2      | HP: 2/49 [orc priest/nerve-wracking pain (14)]
  1813 | D:2      | Reached skill level 5 in Axes
  1813 | D:2      | Reached XP level 4. HP: 2/40 MP: 3/3
  1814 | D:2      | Killed from afar by an orc priest

Illustrated notes

Levels and vault maps discovered:
D:1:      mrwooster_arrival_statue, layout_basic, corexii_corridor_pit,
          kennysheep_flooded_box
D:2:      layout_basic, chequers_serial_rivers_small_b
D:3:      layout_loops_cross, ebering_ecumenical_altar_webs

Skill      XL: |  1  2  3 |
---------------+----------+-----
Axes           | 4 5 |  5.1
Fighting       | 4 |  4.0
Armour         | |  2.7
Dodging        | |  2.7
Stealth        | |  0.1
Evocations     | |  0.3

Action                   |  1- 3 |  4- 6 || total
-------------------------+-------+-------++-------
Melee: Hand axe          |    32 |       ||    32
       Headbutt          |     5 |       ||     5
       Battleaxe         |    35 |     2 ||    37
Invok: Berserk           |     1 |       ||     1
Armor: Animal skin       |     7 |       ||     7
       Leather armour    |    10 |       ||    10
Dodge: Dodged            |    42 |     1 ||    43
